 Dungeon Crawl Stone Soup version 0.31-a0-1616-gbeaec30b81 (webtiles) character file.

Game seed: 9223839261895394283

256420 jasper the Brawler (level 19, 0/186 HPs)
             Began as a Naga Fighter on Jan 9, 2024.
             Was a High Priest of Trog.
             Slain by a naga warrior
             ... wielding a +0 mace
              (13 damage)
             ... on level 3 of the Abyss on Jan 10, 2024.
             The game lasted 01:18:54 (46417 turns).

jasper the Brawler (Naga Fighter)                  Turns: 46417, Time: 01:18:55

Health: 0/186      AC: 26    Str: 26    XL:     19   Next: 81%
Magic:  19/19      EV:  1    Int:  9    God:    Trog [*****.]
Gold:   776        SH: 20    Dex: 11    Spells: 18/18 levels left

rFire   + +          +
                       - Unarmed
rCold   . . .        d - +3 tower shield {reflect}
rNeg    + + .        p - +3 plate armour
rPois   +            B - +2 helmet of the Ladybird {rF+ rN+}
rElec   .            f - scarf "Ushau" {repulsion, rF++ rN+ Will- Slay+3}
rCorr   +            m - +2 pair of gloves
SInv    +            N - +0 barding
Will    +++..        Q - amulet "Rawkeps" {Acrobat rC+ rCorr} Stlth
                     M - +4 ring of slaying
HPRegen 1.00/turn    z - +4 ring of slaying
MPRegen 0.16/turn

%: repel missiles, reflection, acrobat
@: about to teleport, strong-willed, sick, regenerating, constricted, studying
Dodging, very slow
A: AC +6, large, see invisible, deformed body, poison resistance, slowness 2,
spit poison 1, naga tail 2, cold vulnerability 1
}: 2/15 runes: decaying, serpentine
a: Spit Poison, Renounce Religion, Berserk, Trog's Hand, Brothers in Arms


You were on level 3 of the Abyss.
You worshipped Trog.
Trog was extremely pleased with you.
You visited 6 branches of the dungeon, and saw 31 of its levels.
You visited the Abyss 1 time.
You also visited: Ice Cave.

You collected 3783 gold pieces.
You spent 3007 gold pieces at shops.

Inventory:

Missiles
 h - 10 boomerangs (quivered)
 q - 98 poisoned darts
 v - 16 curare-tipped darts
 x - a throwing net
Armour
 d - a +3 tower shield of reflection (worn)
 f - the scarf "Ushau" (worn) {repulsion, rF++ rN+ Will- Slay+3}
   (You found it on level 5 of the Lair of Beasts)

   Slay+3:    It affects your accuracy & damage with ranged weapons and melee
   (+3).
   rF++:      It greatly protects you from fire.
   rN+:       It protects you from negative energy.
   Will-:     It decreases your willpower.
 m - a +2 pair of gloves (worn)
 p - a +3 plate armour (worn)
 B - the +2 helmet of the Ladybird (worn) {rF+ rN+}
   (You found it on level 1 of the Snake Pit)

   rF+:       It protects you from fire.
   rN+:       It protects you from negative energy.
 N - a +0 barding (worn)
Jewellery
 g - a ring of protection from cold
 n - a ring of protection from cold
 z - a +4 ring of slaying (right hand)
 H - a ring of resist corrosion
 M - a +4 ring of slaying (left hand)
 Q - the amulet "Rawkeps" (around neck) {Acrobat rC+ rCorr}
   (You acquired it on level 1 of the Swamp)

   [amulet of the acrobat]

   Acrobat:   It increases your evasion while moving and waiting.
   rC+:       It protects you from cold.
   rCorr:     It protects you from acid and corrosion.
Talismans
 Z - a talisman of death
Wands
 c - a wand of charming (20)
 r - a wand of flame (55)
 w - a wand of polymorph (23)
 D - a wand of quicksilver (23)
 E - a wand of iceblast (9)
 I - a wand of mindburst (22)
 P - a wand of digging (8)
Scrolls
 a - 10 scrolls of identify
 e - 8 scrolls of teleportation
 s - a scroll of immolation
 u - a scroll of silence
 y - 6 scrolls of noise
 J - 6 scrolls of poison
 K - 2 scrolls of blinking
 L - a scroll of torment
 O - a scroll of summoning
 S - 3 scrolls of revelation
 T - 5 scrolls of fear
 W - a scroll of vulnerability
 X - 3 scrolls of fog
 Y - 4 scrolls of enchant weapon
Potions
 i - a potion of attraction
 j - 5 potions of resistance
 k - 3 potions of brilliance
 l - 6 potions of curing
 o - a potion of ambrosia
 t - 2 potions of enlightenment
 A - 4 potions of invisibility
 C - 2 potions of berserk rage
 F - 4 potions of mutation
 G - 2 potions of magic
 R - 5 potions of haste
 U - 2 potions of lignification
 V - 3 potions of might


   Skills:
 - Level 15.0 Fighting
 - Level 2.4 Armour
 - Level 8.4 Dodging
 - Level 14.0 Shields
 - Level 20.2 Unarmed Combat
 + Level 18.1 Shapeshifting


You had 18 spell levels left.
You didn't know any spells.
Your spell library contained the following spells:

 Spells                   Type           Power      Damage    Failure   Level
 Magic Dart               Conj           0%         1d3       100%        1
 Searing Ray              Conj           0%         2d4       100%        2
 Dazzling Flash           Conj/Hex       0%         N/A       100%        3
 Inner Flame              Hex/Fire       0%         N/A       100%        3
 Volatile Blastmotes      Fire/Tloc      0%         2d10      100%        3
 Flame Wave               Conj/Fire      0%         2d4       100%        4
 Fulminant Prism          Conj/Alch      0%         3d5       100%        4
 Sticky Flame             Fire/Alch      0%         2d4       100%        4
 Starburst                Conj/Fire      0%         6d3       100%        6
 Maxwell's Capacitive Co  Air            0%         ∞         100%        8


Dungeon Overview and Level Annotations

Branches:
Dungeon (15/15)            Temple (0/1) D:5            Lair (5/5) D:8
  Swamp (4/4) Lair:3        Snake (4/4) Lair:2          Orc (2/2) D:12
    Elf (1/3) Orc:2        Vaults (0/5) D:14         Depths (0/4) D:15
  IceCv (visited)
  Slime: Lair:4-5

Altars:
Ashenzari
Elyvilon
Gozag
Kikubaaqudgha
Makhleb
Okawaru
Trog
Uskayaw
Vehumet
Zin
Jiyva

Shops:
D:7 :   D:10 (   D:15 *   Orc:2 *(:[   Swamp:2 *   Snake:1 :?   Snake:3 !
Snake:4 [

Annotations:
D:9 3 runed translucent doors, grandjackal's ghost, novice DsFi
Lair:4 exclusion: 3 oklob plants
Lair:5 exclusion: oklob plant, Sonja
Swamp:3 2 transporters, Rualuul's ghost, adept MfBe


Innate Abilities, Weirdness & Mutations

Your serpentine skin is tough. (AC +6)
You have supernaturally acute eyesight. (SInv)
Armour fits poorly on your strangely shaped body.
Your system is resistant to poisons. (rPois)
You cover ground very slowly.
You can spit poison.
You can use your snake-like lower body to constrict enemies.
You are vulnerable to cold. (rC-)


Message History

You are poisoned.
You resist.
* * * LOW HITPOINT WARNING * * *
The bolt of poison hits the ancient zyme.
The ancient zyme completely resists.
The bolt of poison hits the thrashing horror.
The thrashing horror completely resists.
You block the ancient zyme's attack.
The ancient zyme hits you but does no damage.
The weeping skull unleashes gushing sobs.
The wave of grief passes through you. You partially resist.
You block the guardian serpent's attack.
The hellwing hits you but does no damage.
You block the hellwing's attack.
The naga warrior hits you but does no damage.
The naga warrior constricts you.
* * * LOW HITPOINT WARNING * * *
You regained 4 hp, and now have 30/186 hp.
Your skin crawls.
You feel strong-willed.
You feel very sick.
The guardian serpent hits you but does no damage.
You block the ancient zyme's attack. x2; You block the weeping skull's attack.
You block the hellwing's attack.
The hellwing hits you but does no damage.
The naga warrior spits poison at you.
The splash of poison hits you but does no damage.
You resist. The naga warrior constricts you.
* * * LOW HITPOINT WARNING * * *
You take 8 damage, and have 22/186 hp.
You feel better.
You block the guardian serpent's attack.
You block the ancient zyme's attack. x2; You block the weeping skull's attack.
The guardian serpent hits you!
* * * LOW HITPOINT WARNING * * *
The hellwing hits you but does no damage.
The hellwing hits you.
* * * LOW HITPOINT WARNING * * *
The naga warrior hits you with a +0 mace!
You die...

# #. #. # ..# .. #
#..##.. #..##. ##.. .
..... ....... .... ..
................... .
# .##..##..# .# . # .#
.##..##..##..##..# #
..........°X.○○.......
# .......4xz°○.......
. .. #. #
..##@.##).##..# . # #
.##SN# ..# . . . .N...
... . ....
§........... ##.. .#
.##..##..##. # .##.
..##..# ..# . #. . .#
#.... #..# . # ###
.... .. .. . #


You could see a naga warrior (catching breath), an ancient zyme, a thrashing
horror, a hellwing, a guardian serpent, a naga mage (fast) and a weeping skull.

Vanquished Creatures
  A tentacled monstrosity (Abyss:3)
  Frances (Snake:2)
  A storm dragon (D:13)
  A thorn hunter (Swamp:2)
  5 nagarajas
  Donald (Snake:2)
  2 fenstrider witches (Swamp:2)
  An azure jelly (Swamp:4)
  An orc warlord (Orc:2)
  A reaper (IceCv)
  A stone giant (D:15)
  4 eleionomae
  A deep elf death mage (Orc:2)
  9 bunyips
  A fire dragon (D:13)
  A shambling mangrove (Swamp:3)
  A yaktaur captain (D:14)
  A deep elf high priest (D:13)
  Josephine (Lair:5)
  Fannar (D:10)
  2 rakshasas
  9 hydras
  12 alligators
  2 salamander tyrants (Snake:4)
  2 ghost crabs
  3 ice dragons
  7 anacondas
  14 two-headed ogres
  4 centaur warriors
  6 ogre magi
  4 boulder beetles
  Erica (Orc:1)
  3 catoblepae
  15 naga warriors
  3 death yaks (Lair:5)
  A deep troll earth mage (D:13)
  3 thrashing horrors (Abyss:3)
  2 tengu warriors (D:13)
  3 dancing weapons (Elf:1)
  2 deep elf knights (Elf:1)
  20 spriggans
  An orc high priest (Orc:2)
  7 naga sharpshooters
  A skyshark (shapeshifter) (Elf:1)
  A shock serpent (shapeshifter) (D:14)
  12 shock serpents
  7 skysharks
  9 goliath frogs
  A sixfirhy (Abyss:3)
  A wretched star (Abyss:3)
  Amaemon (D:8)
  A salamander mystic (Snake:3)
  7 skeletal warriors
  A sea snake (Snake:3)
  7 naga ritualists
  11 mana vipers
  5 bog bodies
  5 spriggan druids
  A phantasmal warrior (D:13)
  A deep elf archer (Elf:1)
  Pikel (D:5)
  A lindwurm (Lair:5)
  4 harpies
  6 swamp dragons
  A necromancer (Swamp:2)
  10 deep elf zephyrmancers
  6 deep elf pyromancers
  2 wolf spiders (Lair:5)
  5 manticores
  4 ugly things
  4 will-o-the-wisps
  6 orc knights
  Maurice (D:8)
  An orc sorcerer (Orc:2)
  A worldbinder (Abyss:3)
  8 cyclopes
  15 salamanders
  24 elephants
  3 kobold blastminers
  9 guardian serpents
  2 ice statues (IceCv)
  19 naga magi
  35 black mambas
  An orange demon (D:8)
  18 cane toads
  3 meliai (D:14)
  2 gargoyles
  7 rime drakes
  2 torpor snails
  An unseen horror (D:12)
  2 tengu conjurers
  5 freezing wraiths
  4 yaktaurs
  7 ice devils (IceCv)
  14 komodo dragons
  5 trolls
  6 polar bears
  19 hornets
  A polar bear (shapeshifter) (D:15)
  7 tyrant leeches
  14 blink frogs
  12 dream sheep
  Sigmund (D:5)
  A dire elephant simulacrum (IceCv)
  7 wraiths
  A shadow (D:12)
  3 slime creatures
  A vampire (D:6)
  12 wyverns
  6 basilisks
  6 water elementals
  51 yaks
  A golden eye (shapeshifter) (D:15)
  A steam dragon (Lair:2)
  A neqoxec (Abyss:3)
  A basilisk (shapeshifter) (D:15)
  2 wargs
  5 swamp worm simulacra (Swamp:4)
  2 redbacks (Lair:5)
  2 death yak simulacra
  10 vampire mosquitoes
  9 swamp worms
  45 nagas
  A harpy simulacrum (IceCv)
  An acid dragon (D:12)
  25 water moccasins
  17 hydra simulacra
  28 orc warriors
  A swamp drake (Swamp:1)
  6 ice beasts
  6 black bears
  7 ogres
  A sky beast (D:7)
  3 starcursed masses (Abyss:3)
  29 wolves
  15 centaurs
  A phantom (D:5)
  6 bullfrogs
  5 kobold brigands
  3 gnoll sergeants
  A cane toad simulacrum (Lair:3)
  An earth elemental (Elf:1)
  A two-headed ogre simulacrum (IceCv)
  A scorpion (D:5)
  13 wights
  2 elephant simulacra (IceCv)
  50 killer bees
  3 electric eels
  9 howler monkeys
  2 bombardier beetles
  4 lava snakes (Lair:2)
  4 hounds
  3 jellies (D:6)
  17 orc priests
  Crazy Yiuf (D:7)
  Ijyb (D:3)
  2 sleepcaps
  4 iguanas
  20 orc wizards
  A polar bear simulacrum (Lair:3)
  5 troll simulacra (IceCv)
  4 wolf simulacra
  19 gnolls
  3 naga simulacra (IceCv)
  4 adders
  A shadow imp (D:7)
  5 white imps
  3 swamp drake simulacra (Swamp:4)
  5 ufetubi
  3 ribbon worms
  7 dart slugs
  66 orcs
  6 bats
  5 endoplasms
  5 giant cockroaches
  22 goblins
  11 hobgoblins
  11 jackals
  4 quokkas
  12 ball pythons
  3 frilled lizards
  31 kobolds
  5 rats
1235 creatures vanquished.

Vanquished Creatures (collateral kills)
  A two-headed ogre (D:15)
  A shock serpent (Snake:4)
  An orc sorcerer (Orc:2)
  A salamander (Snake:4)
  A black mamba (Snake:4)
  A naga mage (Snake:4)
  A naga (Snake:4)
  2 orc warriors (D:12)
  An ogre (D:15)
  4 orcs
  2 goblins (D:4)
  A hobgoblin (D:4)
17 creatures vanquished.

Vanquished Creatures (others)
  Psyche (D:8)
  4 bloated husks
  A hornet (Swamp:3)
  A tyrant leech (Swamp:2)
  A bullfrog (D:7)
  An orc priest (Orc:2)
  Robin (D:4)
  2 kobolds (D:8)
  25 foxfires
37 creatures vanquished.

Grand Total: 1289 creatures vanquished

Notes
Turn   | Place    | Note
-------+----------+-------------------------------------------
     0 | D:1      | jasper the Naga Fighter began the quest for the Orb.
     0 | D:1      | Reached XP level 1. HP: 21/21 MP: 1/1
    87 | D:1      | Reached XP level 2. HP: 3/28 MP: 2/2
   401 | D:1      | Reached XP level 3. HP: 34/34 MP: 3/3
   885 | D:2      | Reached skill level 3 in Unarmed Combat
   982 | D:2      | Reached XP level 4. HP: 24/42 MP: 4/4
  1188 | D:3      | Identified the +2 short sword of Puziaq {freeze, rPois
                  | Will+ Dex-2}
  1681 | D:2      | Reached XP level 5. HP: 50/50 MP: 5/5
  1771 | D:2      | Reached skill level 4 in Unarmed Combat
  2017 | D:3      | Noticed Ijyb
  2032 | D:3      | Killed Ijyb
  2212 | D:3      | Reached XP level 6. HP: 54/57 MP: 6/6
  2242 | D:4      | Noticed Robin
  2266 | D:4      | Your ally Robin died
  2832 | D:4      | Found a bloodstained altar of Trog.
  2868 | D:4      | Became a worshipper of Trog the Wrathful
  3163 | D:4      | Found a radiant altar of Vehumet.
  3281 | D:5      | Entered Level 5 of the Dungeon
  3282 | D:5      | Noticed Sigmund
  3361 | D:5      | Reached skill level 5 in Unarmed Combat
  3444 | D:5      | Found a staircase to the Ecumenical Temple.
  3452 | D:5      | Reached XP level 7. HP: 45/66 MP: 7/7
  3707 | D:5      | Killed Sigmund
  3711 | D:5      | Reached skill level 5 in Fighting
  3711 | D:5      | Reached skill level 6 in Unarmed Combat
  3717 | D:5      | HP: 2/67 [gnoll/+0 halberd[a gnoll sergeant] (13)]
  3925 | D:5      | Noticed Pikel
  3964 | D:5      | Killed Pikel
  3965 | D:5      | Reached skill level 5 in Shields
  3965 | D:5      | Reached skill level 7 in Unarmed Combat
  3965 | D:5      | Reached XP level 8. HP: 76/76 MP: 8/8
  4709 | D:6      | Reached * piety under Trog
  4710 | D:6      | Reached skill level 8 in Unarmed Combat
  4727 | D:6      | Reached XP level 9. HP: 83/84 MP: 9/9
  4793 | D:6      | Identified the +2 trident of the Exceptional God {heavy,
                  | rCorr Dex+2 Stlth+}
  4964 | D:6      | Found a broken altar of Ashenzari.
  5574 | D:7      | Reached ** piety under Trog
  5595 | D:7      | Reached skill level 9 in Unarmed Combat
  6076 | D:3      | Identified the +0 leather armour of the Dice {Str-2 Dex+4}
  6107 | D:3      | Found an iron altar of Okawaru.
  6765 | D:7      | Found Fewn's Book Shoppe.
  6896 | D:7      | Found a runed translucent door.
  6897 | D:7      | Noticed Crazy Yiuf
  6903 | D:7      | Killed Crazy Yiuf
  7022 | D:8      | Reached skill level 10 in Unarmed Combat
  7022 | D:8      | Reached XP level 10. HP: 94/94 MP: 10/10
  7120 | D:8      | Found a white marble altar of Elyvilon.
  7207 | D:8      | Found a burning altar of Makhleb.
  7216 | D:8      | Noticed Maurice
  7216 | D:8      | Maurice stole a ring of resist corrosion
  7245 | D:8      | Killed Maurice
  7287 | D:8      | Reached *** piety under Trog
  7646 | D:8      | Noticed Psyche
  7658 | D:8      | Noticed Amaemon
  7659 | D:8      | Killed Psyche
  7660 | D:8      | Reached skill level 11 in Unarmed Combat
  7669 | D:8      | Noticed an orange demon
  7691 | D:8      | Killed Amaemon
  7712 | D:8      | Killed an orange demon
  8011 | D:8      | Found a staircase to the Lair.
  8475 | D:8      | Reached XP level 11. HP: 95/104 MP: 11/11
  8489 | D:8      | Reached skill level 12 in Unarmed Combat
  8712 | D:9      | Noticed a two-headed ogre
  8733 | D:9      | Killed a two-headed ogre
  8824 | D:9      | Found a runed translucent gate.
  8824 | D:9      | Found a runed translucent gate.
  8825 | D:9      | Found a runed translucent gate.
  8829 | D:9      | Noticed grandjackal's ghost (novice DsFi)
  9504 | D:9      | Found an opulent altar of Gozag.
  9832 | D:9      | Found a hide-covered altar of Uskayaw.
  9928 | D:10     | Entered Level 10 of the Dungeon
  9985 | D:10     | Reached **** piety under Trog
 10295 | D:10     | Found Mommos's Antique Weapon Emporium.
 10327 | D:10     | Noticed Fannar
 10346 | D:10     | Killed Fannar
 10347 | D:10     | Reached skill level 13 in Unarmed Combat
 10838 | D:11     | Found an iron altar of Okawaru.
 11106 | D:11     | Reached skill level 10 in Fighting
 11233 | D:11     | Reached XP level 12. HP: 97/116 MP: 12/12
 11994 | Lair:1   | Entered Level 1 of the Lair of Beasts
 12115 | Lair:1   | Reached skill level 14 in Unarmed Combat
 12668 | Lair:1   | Reached ***** piety under Trog
 12714 | Lair:1   | Reached skill level 10 in Shields
 13825 | Lair:2   | Reached skill level 15 in Unarmed Combat
 13893 | Lair:2   | Noticed a boulder beetle
 13917 | Lair:2   | Killed a boulder beetle
 14031 | Lair:2   | Gained mutation: You can use your snake-like lower body to
                  | constrict enemies. [Naga growth]
 14031 | Lair:2   | Reached XP level 13. HP: 122/127 MP: 13/13
 14048 | Lair:2   | Found a staircase to the Snake Pit.
 14442 | Lair:3   | Received a gift from Trog
 14462 | Lair:3   | Found a frozen archway.
 14502 | IceCv    | Entered an ice cave
 15251 | IceCv    | Noticed a reaper
 15262 | IceCv    | Reached skill level 16 in Unarmed Combat
 15270 | IceCv    | Killed a reaper
 16649 | Lair:3   | Found a staircase to the Swamp.
 16839 | Lair:4   | Reached XP level 14. HP: 104/139 MP: 14/14
 17171 | Lair:4   | Reached skill level 17 in Unarmed Combat
 17433 | Lair:4   | You fall into a shaft and drop 1 floor!
 17433 | Lair:5   | Entered Level 5 of the Lair of Beasts
 17508 | Lair:4   | Received a gift from Trog
 18051 | Lair:4   | Found a viscous altar of Jiyva.
 20269 | D:12     | Reached skill level 18 in Unarmed Combat
 20371 | D:12     | Found a staircase to the Orcish Mines.
 20683 | D:12     | Received a gift from Trog
 21418 | Orc:1    | Entered Level 1 of the Orcish Mines
 21426 | Orc:1    | Noticed Erica
 21436 | Orc:1    | Killed Erica
 21451 | Orc:1    | Reached XP level 15. HP: 144/148 MP: 15/15
 21665 | Orc:2    | Entered Level 2 of the Orcish Mines
 22051 | Orc:2    | Noticed an orc warlord
 22069 | Orc:2    | Killed an orc warlord
 22192 | Orc:2    | Found Qeli Muh's Antique Armour Boutique.
 22379 | Orc:2    | Bought a glowing hat for 238 gold pieces
 22379 | Orc:2    | Bought a pair of embroidered gloves for 255 gold pieces
 22635 | Orc:2    | Found Lon Baiz's Antique Weapon Boutique.
 22650 | Orc:2    | Found Jimurch's General Store.
 22657 | Orc:2    | Bought a phantom mirror for 600 gold pieces
 22657 | Orc:2    | Bought a scroll of fear for 60 gold pieces
 22677 | Orc:2    | Found Rigue's Book Boutique.
 22860 | Orc:2    | Found a staircase to the Elven Halls.
 23663 | Lair:5   | Reached skill level 19 in Unarmed Combat
 24397 | Lair:5   | Identified the scarf "Ushau" {repulsion, rF++ rN+ Will-
                  | Slay+3}
 25046 | Lair:5   | Noticed Sonja
 25237 | Lair:5   | Reached XP level 16. HP: 141/160 MP: 16/16
 25351 | Lair:5   | Received a gift from Trog
 25488 | Lair:5   | Noticed Josephine
 25495 | Lair:5   | Killed Josephine
 25958 | D:13     | Reached skill level 20 in Unarmed Combat
 25962 | D:13     | Noticed a storm dragon
 25974 | D:13     | Killed a storm dragon
 26658 | D:13     | Reached skill level 15 in Fighting
 26672 | D:13     | Identified the +5 whip "Taog" {freeze, rF+ Str+2 Stlth+}
 26699 | D:13     | Reached skill level 1 in Shapeshifting
 27066 | D:14     | Identified a scroll of acquirement
 27066 | D:14     | Acquired 1147 gold pieces
 27078 | D:14     | Found a gate to the Vaults.
 27713 | D:14     | Received a gift from Trog
 28202 | D:15     | Entered Level 15 of the Dungeon
 28254 | D:15     | Found a staircase to the Depths.
 28270 | D:15     | Reached ****** piety under Trog
 28271 | D:15     | Reached skill level 5 in Shapeshifting
 28460 | D:15     | Found Oginuik's Elemental Accessories.
 28812 | D:15     | Found a white marble altar of Elyvilon.
 29320 | D:15     | Reached XP level 17. HP: 65/170 MP: 17/17
 29596 | D:15     | Found a glowing silver altar of Zin.
 30026 | D:15     | Upgraded the game from 0.31-a0-1612-g4aaf141004 to
                  | 0.31-a0-1616-gbeaec30b81
 30240 | Snake:1  | Entered Level 1 of the Snake Pit
 30912 | Snake:1  | Identified the +2 helmet of the Ladybird {rF+ rN+}
 30934 | Snake:1  | Identified the +7 trident of Seedoxul {freeze, ^Contam
                  | rElec rC+++ rN+ Stlth+}
 31424 | Snake:1  | Received a gift from Trog
 31573 | Snake:1  | Found Zemoynyty's Book Shop.
 31580 | Snake:1  | Bought a manual of Dodging for 1280 gold pieces
 31580 | Snake:1  | Found Hikoedu's Magic Scroll Boutique.
 31593 | Snake:1  | Bought a scroll of teleportation for 48 gold pieces
 31593 | Snake:1  | Bought a scroll of blinking for 120 gold pieces
 31593 | Snake:1  | Bought a scroll of teleportation for 48 gold pieces
 31593 | Snake:1  | Bought a scroll of poison for 64 gold pieces
 31619 | Snake:1  | Reached skill level 1 in Dodging
 32547 | Snake:2  | Reached skill level 5 in Dodging
 32763 | Snake:2  | Noticed Donald
 32774 | Snake:2  | Killed Donald
 33286 | Snake:2  | Noticed Frances
 33296 | Snake:2  | Killed Frances
 34797 | Snake:3  | Reached skill level 10 in Shapeshifting
 35257 | Snake:3  | Received a gift from Trog
 36426 | Snake:3  | Found Woypteag's Distillery.
 36443 | Snake:3  | Bought 2 potions of curing for 84 gold pieces
 36443 | Snake:3  | Bought a potion of resistance for 140 gold pieces
 36443 | Snake:3  | Bought a potion of heal wounds for 70 gold pieces
 36463 | Snake:3  | Reached XP level 18. HP: 140/178 MP: 18/18
 37269 | Snake:4  | Entered Level 4 of the Snake Pit
 37410 | Snake:4  | Received a gift from Trog
 37726 | Snake:4  | HP: 5/178 [naga mage/+0 spear (10)]
 38367 | Snake:4  | Found Hempyana's Antique Armour Shoppe.
 38631 | Snake:4  | Received a gift from Trog
 38794 | Snake:4  | Identified the +7 orcbow of Alolec {freeze, Str+3 Dex+4}
 39130 | Snake:4  | Got a serpentine rune of Zot
 39405 | Swamp:1  | Entered Level 1 of the Swamp
 39675 | Swamp:1  | Acquired the amulet "Rawkeps" {Acrobat rC+ rCorr}
 41013 | Swamp:2  | Identified the +0 cloak of Isiqoch {Str+5 Dex+3}
 41183 | Swamp:2  | Found Ynoecuum's Island Escapes.
 41285 | Swamp:2  | Reached skill level 15 in Shapeshifting
 41488 | Swamp:2  | Paralysed by a fenstrider witch for 2 turns
 41972 | Swamp:2  | Reached XP level 19. HP: 157/186 MP: 19/19
 42949 | Swamp:3  | Found a transporter.
 42971 | Swamp:3  | Noticed Rualuul's ghost (adept MfBe)
 43002 | Swamp:3  | Found a transporter.
 43652 | Swamp:4  | Entered Level 4 of the Swamp
 43878 | Swamp:4  | Identified the +0 robe of Emuicw {rElec rCorr Dex+3}
 44954 | Swamp:4  | Got a decaying rune of Zot
 45376 | Elf:1    | Entered Level 1 of the Elven Halls
 46222 | Elf:1    | Received a gift from Trog
 46236 | Elf:1    | Found an ancient bone altar of Kikubaaqudgha.
 46276 | Abyss:3  | Cast into level 3 of the Abyss (an occultist)
 46376 | Abyss:3  | Gained mutation: You are vulnerable to cold. (rC-) [a
                  | neqoxec]
 46391 | Abyss:3  | Noticed a tentacled monstrosity
 46400 | Abyss:3  | Killed a tentacled monstrosity
 46417 | Abyss:3  | Slain by a naga warrior

Illustrated notes

Levels and vault maps discovered:
D:1:      wheals_arrival_shading, layout_rooms
D:2:      layout_loops_ring, minmay_heptomino_h4
D:3:      kennysheep_the_goblin_king, layout_basic,
          mainiacjoe_overflow_concentric_impassable, minmay_distorted
D:4:      layout_loops_corners, trog_three_pillars_becter,
          mainiacjoe_overflow_chevrons, nicolae_houndstooth_variations,
          uniq_robin
D:5:      layout_basic, minmay_temple_entry_drinking_statues,
          grunt_ministairs_1, uniq_sigmund, uniq_pikel
D:6:      corexii_shack_village, layout_basic, ashenzari_altar_1
D:7:      layout_basic, serial_shops, shop, chequers_serial_rivers_micro_d,
          nrook_campfire, uniq_crazy_yiuf_cottage
D:8:      layout_basic, marbit_many_paths, mainiacjoe_overflow_brackets,
          hellmonk_lair_entry_icy, uniq_maurice, uniq_amaemon, uniq_psyche
D:9:      layout_long_grid, nicolae_uskayaw_suspiria, grunt_gozag_breadcrumbs,
          ebering_ghost_rock_garden
D:10:     layout_roguey, serial_shops, nicolae_shop_overgrown_old_shop,
          uniq_fannar
D:11:     layout_loops_corners, kennysheep_okawaru_gauntlet
D:12:     layout_stronghold, david_orc_5, argonaut_gorgonesque
D:13:     minmay_bad_star, layout_loops_cross
D:14:     layout_roguey, david_vaults_2, hangedman_decor_peaks_small,
          chequers_big_river, serial_library_regret_index_headful
D:15:     grunt_enter_depths_giant_problem, layout_basic, elyvilon_altar_1,
          nicolae_elemental_shop, zin_angel
Lair:1:   layout_layer_cave, st_stairs_8
Lair:2:   layout_roguey, nicolae_snake_entry_warm_welcome,
          grunt_forest_small_clearings, serial_bayou_shore_b,
          serial_bayou_shore_a
Lair:3:   layout_roguey, swamp_mist_pool, portal_ice_cave_entry_ice_simulacra,
          amcnicky_mini_pool_medium
Lair:4:   wad_woods_minihive, layout_gridlike,
          minmay_slime_entry_oklob_enclosed, beast_lair_carwin_9
Lair:5:   hangedman_lair_in_review, layout_gridlike,
          hangedman_lair_tendril_chambers, grunt_forest_large_clearings,
          uniq_josephine, uniq_sonja
Swamp:1:  layout_basic_swamp, nicolae_swamp_dense_foliage,
          infiniplex_staircase_pool_2
Swamp:2:  nicolae_swamp_standing_stones, layout_basic_swamp,
          evilmike_swamp_ruin_house_6, swamp_pool_4,
          nicolae_swamp_orc_logging_accident, wheals_swamp_sinkhole,
          nicolae_island_escapes
Swamp:3:  layout_basic_swamp, gammafunk_ghost_mausoleum, nicolae_swamp_bean_lake
Swamp:4:  swamp_icy, layout_basic_swamp
Snake:1:  layout_gridlike, serial_library_hellmonk_reading_circle,
          serial_bayou_shore_b, minmay_shoptagon
Snake:2:  layout_onion_interference, st_stairs_12, grunt_megastairs_1,
          uniq_donald, uniq_frances
Snake:3:  layout_chambers, serial_shops, nicolae_shop_window_shopping,
          serial_bayou_shore_b, serial_bayou_shore_b, serial_bayou_shore_b
Snake:4:  johnstein_snake_rune_scales, layout_gridlike, serial_shops, shop,
          grunt_ministairs_10, nicolae_snake_squiggles, nicolae_letterblocks
          [nicolae_letter_subblock, nicolae_letter_subblock,
          nicolae_letter_subblock, nicolae_letter_subblock,
          nicolae_letter_subblock, nicolae_letter_subblock,
          nicolae_letter_subblock, nicolae_letter_subblock,
          nicolae_letter_subblock, nicolae_letter_subblock,
          nicolae_letter_subblock, nicolae_letter_subblock,
          nicolae_letter_subblock, nicolae_letter_subblock,
          nicolae_letter_subblock, nicolae_letter_subblock,
          nicolae_letter_subblock, nicolae_letter_subblock,
          nicolae_letter_subblock, nicolae_letter_subblock,
          nicolae_letter_subblock, nicolae_letter_subblock,
          nicolae_letter_subblock, nicolae_letter_subblock,
          nicolae_letter_subblock]
Orc:1:    layout_diamond_mine, uniq_erica
Orc:2:    grunt_orc_cross, layout_diamond_mine
Elf:1:    eino_elf_arrival_the_gate, layout_loops_cross, basic_altar,
          hangedman_elf_disciples
Abyss:3:  base:
Snake:1

Skill      XL: |  1  2  3  4  5  6  7  8  9 10 11 12 13 14 15 16 17 18 19 |
---------------+----------------------------------------------------------+-----
Shields        | 3 4 5 6 8 9 10 11 12 13 14 | 14.0
Unarmed Combat | 3 4 5 7 8 10 11 13 15 16 18 19 20 | 20.2
Fighting       | 4 5 6 7 8 10 11 12 13 14 15 | 15.0
Shapeshifting  | 7 11 15 18 | 18.1
Dodging        | 8 |  8.4
Armour         | |  2.4

Action                     |  1- 3 |  4- 6 |  7- 9 | 10-12 | 13-15 | 16-18 | 19-21 || total
---------------------------+-------+-------+-------+-------+-------+-------+-------++-------
  Melee: Unarmed           |    66 |   180 |   273 |   642 |  1094 |  1028 |   361 ||  3644
         Constrict         |       |       |       |       |   235 |   246 |    67 ||   548
  Throw: Dart              |       |     3 |       |    12 |       |       |       ||    15
         Stone             |       |       |       |     1 |       |       |       ||     1
         Boomerang         |       |       |       |       |       |    41 |    80 ||   121
 Invoke: Berserk           |       |       |     1 |     6 |     8 |     2 |       ||    17
         Trog's Hand       |       |       |       |     2 |    12 |    19 |     6 ||    39
         Brothers in Arms  |       |       |       |       |     5 |     2 |       ||     7
Ability: Spit Poison       |    32 |    47 |    31 |    55 |    38 |     1 |       ||   204
  Evoke: Wand              |       |     1 |     9 |     1 |    16 |     7 |     1 ||    35
    Use: Potion            |     1 |       |     7 |     4 |     2 |     5 |     2 ||    21
         Scroll            |     6 |     6 |     2 |     9 |     8 |     8 |     3 ||    42
 Armour: Scale mail        |    25 |       |       |       |       |       |       ||    25
         Chain mail        |    45 |   109 |    43 |       |       |       |       ||   197
         Skin              |       |       |     6 |    12 |       |       |       ||    18
         Plate armour      |       |       |   252 |   592 |  1049 |   854 |   339 ||  3086
  Dodge: Dodged            |    23 |    39 |    52 |   126 |   173 |   142 |    80 ||   635
         Repelled          |       |       |       |       |       |    23 |     3 ||    26
  Block: Buckler           |    14 |    28 |    54 |   161 |   186 |       |       ||   443
         Kite shield       |       |       |       |       |   325 |   208 |       ||   533
         Reflection        |       |       |       |       |     9 |    58 |    13 ||    80
         Tower shield      |       |       |       |       |       |   763 |   452 ||  1215
         Form:             |       |       |       |       |       |     1 |       ||     1
         Death             |       |       |       |       |       |     1 |       ||     1

Table legend: (Time is in decaauts)
 A = Elapsed time spent in this place.
 B = Non-inter-level travel time spent in this place.
 C = Inter-level travel time spent in this place.
 D = Time resting spent in this place.
 E = Time spent auto-exploring this place.
 F = Levels seen in this place.
 G = Mean time per level.
                   A        B        C        D        E       F      G
               +--------+--------+--------+--------+--------+-----+--------+
         Total |  54960 |  50985 |   3975 |   3260 |  39059 |  33 | 1665.5 |
       Dungeon |  22921 |  21075 |   1846 |   1254 |  16238 |  15 | 1528.1 |
          Lair |  10222 |   9359 |    863 |    423 |   7132 |   5 | 2044.4 |
         Swamp |   6329 |   6056 |    273 |    455 |   4593 |   4 | 1582.2 |
     Snake Pit |  10723 |  10016 |    707 |    836 |   7872 |   4 | 2680.8 |
  Orcish Mines |   2615 |   2332 |    283 |      4 |   1909 |   2 | 1307.5 |
   Elven Halls |    786 |    786 |      0 |      0 |    624 |   1 |  786.0 |
         Abyss |    145 |    145 |      0 |      0 |     65 |   1 |  145.0 |
      Ice Cave |   1216 |   1216 |      0 |    286 |    623 |   1 | 1216.0 |
               +--------+--------+--------+--------+--------+-----+--------+

Top non-repeatable levels by time:
 Snake:3: 3414 daAuts
 Snake:2: 2595 daAuts
  Lair:5: 2472 daAuts
    D:12: 2420 daAuts
 Snake:1: 2390 daAuts
 Snake:4: 2323 daAuts
     D:8: 2228 daAuts
    D:15: 2169 daAuts
  Lair:4: 2003 daAuts
  Lair:1: 1958 daAuts
 Swamp:2: 1926 daAuts
  Lair:2: 1925 daAuts
   Orc:2: 1913 daAuts
  Lair:3: 1863 daAuts
     D:9: 1846 daAuts
